BR
QUINCY DOUGHBOYS @ WESLACO CHIEFS
08/30/2026
 
TOP OF THE 1ST
Quincy Doughboys batting - Pitching for Weslaco Chiefs : RHP Jesús Sánchez
Pitching: RHP Jesús Sánchez
Batting: LHB Marv Gardner 0-0: Fly out, F8 (Line Drive, 8RM)
Batting: RHB Marlon Hernández 0-0: Foul Ball, location: 2F
0-1: Fly out, F9 (Flyball, 9LMF)
Batting: RHB Javier Martínez 0-0: Ball
1-0: Ball
2-0: Ball
3-0: Base on Balls
Batting: LHB Mario Álvarez 0-0: Ball
1-0: Ball
2-0: Fly out, F5 (Popup, 5F)
Top of the 1st over - 0 run(s), 0 hit(s), 0 error(s), 1 left on base; Quincy 0 - Weslaco 0
BOTTOM OF THE 1ST
Weslaco Chiefs batting - Pitching for Quincy Doughboys : RHP Fernando Fuentes
Pitching: RHP Fernando Fuentes
Batting: RHB Jeremiah Ward 0-0: Foul Ball, location: 2F
0-1: Called Strike
0-2: Ground out 5-3 (Groundball, 5S)
Batting: LHB Javier Mejía 0-0: SINGLE (Groundball, 6MD)
Batting: LHB Jeff Forsyth 0-0: Foul Ball, location: 2F
0-1: Ball
1-1: Called Strike
1-2: Ball
2-2: Foul Ball, location: 2F
Error on foul ball, E9
2-2: Ball
3-2: Base on Balls
Javier Mejía to second
Batting: RHB António Martínez 0-0: Ball
1-0: Swinging Strike
1-1: DOUBLE (Line Drive, 8LXD)
Javier Mejía scores
Jeff Forsyth to third
Batting: RHB Alexis Peters 0-0: Called Strike
0-1: Swinging Strike
0-2: Strikes out swinging
Batting: LHB Jean-Sébastien Beaudin 0-0: Swinging Strike
0-1: Called Strike
0-2: Strikes out looking
Bottom of the 1st over - 1 run(s), 2 hit(s), 1 error(s), 2 left on base; Quincy 0 - Weslaco 1
TOP OF THE 2ND
Quincy Doughboys batting - Pitching for Weslaco Chiefs : RHP Jesús Sánchez
Batting: RHB Jorge Chávez 0-0: Foul Ball, location: 2F
0-1: Called Strike
0-2: Foul Ball, location: 2F
0-2: Ground out 5-3 (Groundball, 5)
Batting: RHB Ramón Gómez 0-0: DOUBLE (Flyball, 8LXD)
Batting: RHB Clifton Sturt 0-0: SINGLE (Groundball, 6)
Ramón Gómez to third
Runner from 3rd tries for Home, SAFE, no throw or cutoff
Batting: RHB Orlando Márquez 0-0: Ball
1-0: Grounds into double play, 4-6-3 (Groundball, 4)
Top of the 2nd over - 1 run(s), 2 hit(s), 0 error(s), 0 left on base; Quincy 1 - Weslaco 1
BOTTOM OF THE 2ND
Weslaco Chiefs batting - Pitching for Quincy Doughboys : RHP Fernando Fuentes
Batting: RHB Germán Romero 0-0: Fly out, F8 (Flyball, 8LM)
Batting: SHB Jacob Wilcox 0-0: Reached on error, E3 (Groundball, 3)
Batting: RHB Henry Morris 0-0: Called Strike
0-1: Grounds into double play, 1-4-3 (Groundball, 15)
Bottom of the 2nd over - 0 run(s), 0 hit(s), 1 error(s), 0 left on base; Quincy 1 - Weslaco 1
TOP OF THE 3RD
Quincy Doughboys batting - Pitching for Weslaco Chiefs : RHP Jesús Sánchez
Batting: RHB Joel García 0-0: Ground out 6-3 (Groundball, 6M)
Batting: LHB Marv Gardner 0-0: Ground out 3-1 (Groundball, 34)
Batting: RHB Marlon Hernández 0-0: Called Strike
0-1: Ball
1-1: Ball
2-1: Called Strike
2-2: Ball
3-2: Strikes out swinging
Top of the 3rd over - 0 run(s), 0 hit(s), 0 error(s), 0 left on base; Quincy 1 - Weslaco 1
BOTTOM OF THE 3RD
Weslaco Chiefs batting - Pitching for Quincy Doughboys : RHP Fernando Fuentes
Batting: RHB Jeremiah Ward 0-0: Called Strike
0-1: Ball
1-1: DOUBLE (Flyball, 78M)
Batting: LHB Javier Mejía 0-0: Called Strike
Jeremiah Ward is caught stealing 3rd base
0-1: Called Strike
0-2: Ball
1-2: Strikes out looking
Batting: LHB Jeff Forsyth 0-0: Ball
1-0: Swinging Strike
1-1: Ball
2-1: Foul Ball, location: 2F
2-2: Strikes out swinging
Bottom of the 3rd over - 0 run(s), 1 hit(s), 0 error(s), 0 left on base; Quincy 1 - Weslaco 1
TOP OF THE 4TH
Quincy Doughboys batting - Pitching for Weslaco Chiefs : RHP Jesús Sánchez
Batting: RHB Javier Martínez 0-0: Ground out 6-3 (Groundball, 6)
Batting: LHB Mario Álvarez 0-0: Ground out 1-3 (Groundball, 13S)
Batting: RHB Jorge Chávez 0-0: Called Strike
0-1: Ground out 5-3 (Groundball, 56)
Top of the 4th over - 0 run(s), 0 hit(s), 0 error(s), 0 left on base; Quincy 1 - Weslaco 1
BOTTOM OF THE 4TH
Weslaco Chiefs batting - Pitching for Quincy Doughboys : RHP Fernando Fuentes
Batting: RHB António Martínez 0-0: Ball
1-0: Foul Ball, location: 2F
1-1: Ball
2-1: Called Strike
2-2: Strikes out swinging
Batting: RHB Alexis Peters 0-0: Ball
1-0: Swinging Strike
1-1: Ball
2-1: Ball
3-1: Foul Ball, location: 2F
3-2: Ground out 2-3 (Groundball, 23)
Batting: LHB Jean-Sébastien Beaudin 0-0: Called Strike
0-1: Ball
1-1: Ground out U3 (Groundball, 3L)
Bottom of the 4th over - 0 run(s), 0 hit(s), 0 error(s), 0 left on base; Quincy 1 - Weslaco 1
TOP OF THE 5TH
Quincy Doughboys batting - Pitching for Weslaco Chiefs : RHP Jesús Sánchez
Batting: RHB Ramón Gómez 0-0: Called Strike
0-1: Ball
1-1: Called Strike
1-2: Foul Ball, location: 2F
1-2: Ball
2-2: Foul Ball, location: 2F
2-2: Strikes out looking
Batting: RHB Clifton Sturt 0-0: Foul Ball, location: 2F
0-1: Ball
1-1: Ball
2-1: Fly out, F9 (Flyball, 89M)
Batting: RHB Orlando Márquez 0-0: SINGLE (Line Drive, 34D)
Batting: RHB Joel García 0-0: Ball
1-0: Fly out, F3 (Popup, 3F)
Top of the 5th over - 0 run(s), 1 hit(s), 0 error(s), 1 left on base; Quincy 1 - Weslaco 1
BOTTOM OF THE 5TH
Weslaco Chiefs batting - Pitching for Quincy Doughboys : RHP Fernando Fuentes
Batting: RHB Germán Romero 0-0: Called Strike
0-1: Foul Ball, location: 2F
0-2: Ball
1-2: Ball
2-2: Ground out 6-3 (Groundball, 6)
Batting: SHB Jacob Wilcox 0-0: Ball
1-0: Swinging Strike
1-1: Called Strike
1-2: Fly out, F5 (Popup, 5F)
Batting: RHB Henry Morris 0-0: Ball
1-0: Ball
2-0: Foul Ball, location: 2F
2-1: Ball
3-1: Fly out, F9 (Flyball, 89S)
Bottom of the 5th over - 0 run(s), 0 hit(s), 0 error(s), 0 left on base; Quincy 1 - Weslaco 1
TOP OF THE 6TH
Quincy Doughboys batting - Pitching for Weslaco Chiefs : RHP Jesús Sánchez
Batting: LHB Marv Gardner 0-0: Foul Ball, location: 2F
0-1: Ball
1-1: SINGLE (Groundball, 4M)
Pinch Runner at 1st George Clarke:
Batting: RHB Marlon Hernández 0-0: Called Strike
0-1: Grounds into double play, 5-4-3 (Groundball, 56)
Batting: RHB Javier Martínez 0-0: Called Strike
0-1: Ball
1-1: Swinging Strike
1-2: Foul Ball, location: 2F
1-2: Foul Ball, location: 2F
1-2: Ball
2-2: SOLO HOME RUN (Flyball, 7D), Distance : 383 ft
Batting: LHB Mario Álvarez 0-0: Foul Ball, location: 2F
0-1: Foul Ball, location: 2F
0-2: TRIPLE (Line Drive, 3D)
Batting: RHB Jorge Chávez 0-0: Ball
1-0: Foul Ball, location: 2F
1-1: Swinging Strike
1-2: Strikes out swinging
Top of the 6th over - 1 run(s), 3 hit(s), 0 error(s), 1 left on base; Quincy 2 - Weslaco 1
BOTTOM OF THE 6TH
Weslaco Chiefs batting - Pitching for Quincy Doughboys : RHP Fernando Fuentes
Now at 3B: Júlio Contreras
Batting: RHB Jeremiah Ward 0-0: Ball
1-0: Foul Ball, location: 2F
1-1: Fly out, F8 (Flyball, 8LM)
Batting: LHB Javier Mejía 0-0: Called Strike
0-1: Foul Ball, location: 2F
0-2: Foul Ball, location: 2F
0-2: Foul Ball, location: 2F
0-2: Ball
1-2: Ground out U3 (Groundball, 3)
Batting: LHB Jeff Forsyth 0-0: Ball
1-0: Called Strike
1-1: Fly out, F5 (Popup, 25)
Bottom of the 6th over - 0 run(s), 0 hit(s), 0 error(s), 0 left on base; Quincy 2 - Weslaco 1
TOP OF THE 7TH
Quincy Doughboys batting - Pitching for Weslaco Chiefs : RHP Jesús Sánchez
Batting: RHB Ramón Gómez 0-0: Ball
1-0: Ball
2-0: Ground out 1-3 (Groundball, 15)
Batting: RHB Clifton Sturt 0-0: Called Strike
0-1: Ball
1-1: Ground out 5-3 (Groundball, 5)
Batting: RHB Orlando Márquez 0-0: Called Strike
0-1: Ball
1-1: Swinging Strike
1-2: Ball
2-2: Foul Ball, location: 2F
2-2: Foul Ball, location: 2F
2-2: Ball
3-2: Ground out 6-3 (Groundball, 6M)
Top of the 7th over - 0 run(s), 0 hit(s), 0 error(s), 0 left on base; Quincy 2 - Weslaco 1
BOTTOM OF THE 7TH
Weslaco Chiefs batting - Pitching for Quincy Doughboys : RHP Fernando Fuentes
Batting: RHB António Martínez 0-0: Ball
1-0: Fly out, F8 (Flyball, 8LS)
Batting: RHB Alexis Peters 0-0: Called Strike
0-1: SINGLE (Flyball, 4MD)
Pitching: LHP Héctor López
Pinch Hitting: RHB Carlos Miranda 0-0: Called Strike
0-1: Ball
1-1: Foul Ball, location: 2F
1-2: Strikes out looking
Batting: RHB Germán Romero 0-0: Ball
1-0: Called Strike
1-1: DOUBLE (Line Drive, 7LM)
Alexis Peters to third
Pinch Hitting: RHB Jorge Longoria 0-0: Ground out 2-3 (Groundball, 23)
Bottom of the 7th over - 0 run(s), 2 hit(s), 0 error(s), 2 left on base; Quincy 2 - Weslaco 1
TOP OF THE 8TH
Quincy Doughboys batting - Pitching for Weslaco Chiefs : RHP Jesús Sánchez
Now at 2B: Bartolo Chono
Now in LF: Jorge Longoria
Batting: RHB Joel García 0-0: Fly out, F9 (Line Drive, 9M)
Batting: RHB Júlio Contreras 0-0: Swinging Strike
0-1: Ball
1-1: Foul Ball, location: 2F
1-2: Ball
2-2: Ball
3-2: Ground out U3 (Groundball, 3L)
Batting: RHB Marlon Hernández 0-0: Ball
1-0: Ball
2-0: Ball
3-0: Called Strike
3-1: Called Strike
3-2: Ground out 5-3 (Groundball, 5S)
Top of the 8th over - 0 run(s), 0 hit(s), 0 error(s), 0 left on base; Quincy 2 - Weslaco 1
BOTTOM OF THE 8TH
Weslaco Chiefs batting - Pitching for Quincy Doughboys : LHP Héctor López
Now in RF: Pedro Sandoval
Batting: RHB Henry Morris 0-0: Ball
1-0: Ball
2-0: Ball
3-0: Called Strike
3-1: Foul Ball, location: 2F
3-2: Base on Balls
Batting: RHB Jeremiah Ward 0-0: Bunted foul
0-1: Sac Bunt - play at first, batter OUT! 1-4
Henry Morris to second
Pinch Hitting: RHB Brian Cannon 0-0: Foul Ball, location: 2F
0-1: Ball
1-1: Foul Ball, location: 2F
1-2: Strikes out looking
Batting: LHB Jeff Forsyth 0-0: Ball
1-0: Called Strike
1-1: Foul Ball, location: 2F
1-2: Strikes out looking
Bottom of the 8th over - 0 run(s), 0 hit(s), 0 error(s), 1 left on base; Quincy 2 - Weslaco 1
TOP OF THE 9TH
Quincy Doughboys batting - Pitching for Weslaco Chiefs : RHP Jesús Sánchez
Pitching: RHP Luis Torres
Now in RF: Pat Lee
Batting: RHB Javier Martínez 0-0: Swinging Strike
0-1: Called Strike
0-2: Strikes out swinging
Batting: LHB Mario Álvarez 0-0: Fly out, F7 (Flyball, 7LM)
Batting: RHB Jorge Chávez 0-0: Ball
1-0: Foul Ball, location: 2F
1-1: Swinging Strike
1-2: Strikes out swinging
Top of the 9th over - 0 run(s), 0 hit(s), 0 error(s), 0 left on base; Quincy 2 - Weslaco 1
BOTTOM OF THE 9TH
Weslaco Chiefs batting - Pitching for Quincy Doughboys : LHP Héctor López
Pitching: RHP Manuel Silva
Now at C: Wilson Ortíz
Batting: RHB António Martínez 0-0: Ball
1-0: Ball
2-0: Swinging Strike
2-1: SINGLE (Line Drive, 56)
Pinch Runner at 1st Alberto Varela:
Batting: RHB Alexis Peters 0-0: Called Strike
0-1: Swinging Strike
0-2: Foul Ball, location: 2F
0-2: Strikes out swinging
Pinch Hitting: LHB Ralph Cobb 0-0: SINGLE (Line Drive, 9LS)
Alberto Varela to second
Batting: RHB Germán Romero 0-0: Called Strike
0-1: Ball
1-1: Foul Ball, location: 2F
1-2: Foul Ball, location: 2F
1-2: Strikes out looking
Batting: RHB Jorge Longoria 0-0: Swinging Strike
0-1: Ball
1-1: Ball
2-1: Foul Ball, location: 2F
2-2: Ball
3-2: Base on Balls
Alberto Varela to third
Ralph Cobb to second
Batting: RHB Henry Morris 0-0: Foul Ball, location: 2F
0-1: Called Strike
0-2: Foul Ball, location: 2F
0-2: SINGLE (Groundball, 56D)
Alberto Varela scores
Ralph Cobb to third
Jorge Longoria to second
Runner from 3rd tries for Home, throw and OUT!
Bottom of the 9th over - 1 run(s), 3 hit(s), 0 error(s), 2 left on base; Quincy 2 - Weslaco 2
TOP OF THE 10TH
Quincy Doughboys batting - Pitching for Weslaco Chiefs : RHP Luis Torres
Pitching: LHP William Bazley
Now at 2B: Jimmy Myers
Now at 3B: Alberto Varela
Batting: RHB Ramón Gómez 0-0: Called Strike
0-1: Ball
1-1: Called Strike
1-2: Foul Ball, location: 2F
1-2: Ball
2-2: Strikes out swinging
Pinch Hitting: LHB Guillermo Santos 0-0: Ball
1-0: Ball
2-0: Ground out U3 (Groundball, 3L)
Batting: RHB Pedro Sandoval 0-0: Called Strike
0-1: Ball
1-1: Fly out, F8 (Flyball, 78D)
Top of the 10th over - 0 run(s), 0 hit(s), 0 error(s), 0 left on base; Quincy 2 - Weslaco 2
BOTTOM OF THE 10TH
Weslaco Chiefs batting - Pitching for Quincy Doughboys : RHP Manuel Silva
Now at C: Pedro Javier
Batting: RHB Jeremiah Ward 0-0: Called Strike
0-1: Ball
1-1: Swinging Strike
1-2: SINGLE (Groundball, 6MD) (infield hit)
Batting: LHB Pat Lee 0-0: Foul Ball, location: 2F
0-1: Ball
1-1: Ball
2-1: Bunted foul
Balk!
Jeremiah Ward to second
2-2: Foul Ball, location: 2F
2-2: Fly out, F7 (Flyball, 7S)
Batting: LHB Jeff Forsyth 0-0: Intentional Walk
Batting: LHB Alberto Varela 0-0: Ball
1-0: Foul Ball, location: 2F
1-1: Called Strike
1-2: Ball
2-2: Foul Ball, location: 2F
2-2: Fielders Choice at 2nd, 1-6 (Groundball, 23)
Jeremiah Ward to third
Batting: RHB Alexis Peters 0-0: Ball
1-0: Foul Ball, location: 2F
1-1: Ball
2-1: Swinging Strike
2-2: Fly out, F7 (Flyball, 7M)
Bottom of the 10th over - 0 run(s), 1 hit(s), 0 error(s), 2 left on base; Quincy 2 - Weslaco 2
TOP OF THE 11TH
Quincy Doughboys batting - Pitching for Weslaco Chiefs : LHP William Bazley
Pinch Hitting: RHB Ken Sánchez 0-0: Ball
1-0: Ball
2-0: Ground out 5-3 (Groundball, 5L)
Pinch Hitting: RHB Miguel Medina 0-0: Fly out, F9 (Flyball, 9LSF)
Batting: RHB Marlon Hernández 0-0: Ball
1-0: Ground out 5-3 (Groundball, 56)
Top of the 11th over - 0 run(s), 0 hit(s), 0 error(s), 0 left on base; Quincy 2 - Weslaco 2
BOTTOM OF THE 11TH
Weslaco Chiefs batting - Pitching for Quincy Doughboys : RHP Manuel Silva
Pitching: RHP Leonard Akers
Now at 1B: António Gutiérrez
Now at SS: Ken Sánchez
Pinch Hitting: RHB Rob Byrd 0-0: Ball
1-0: Ball
2-0: TRIPLE (Line Drive, 8RXD)
Batting: RHB Germán Romero 0-0: Ball
1-0: Ball
2-0: Ball
3-0: Base on Balls
Batting: RHB Jorge Longoria 0-0: Ball
1-0: Ball
2-0: Called Strike
2-1: Called Strike
2-2: Ground out 6-3 (Groundball, 6)
Germán Romero to second
Batting: RHB Henry Morris 0-0: Intentional Walk
Batting: RHB Jeremiah Ward 0-0: Called Strike
0-1: Ball
1-1: Called Strike
1-2: Foul Ball, location: 2F
1-2: Foul Ball, location: 2F
1-2: Foul Ball, location: 2F
1-2: Ball
2-2: Foul Ball, location: 2F
2-2: Fly out, F7 (Flyball, 7S)
Batting: LHB Pat Lee 0-0: Called Strike
0-1: Foul Ball, location: 2F
0-2: Ball
1-2: Ball
2-2: SINGLE (Groundball, 34D)
Rob Byrd scores
Monday, December 5th, 2016 - OOTP Baseball 17.12 Build 75